 Dungeon Crawl Stone Soup version 0.30-a0-1116-gebefce21f7 (webtiles) character file.

Game seed: 14648334356947872271

3241 jasper the Thaumaturge (level 9, -1/45 HPs)
             Began as a Deep Elf Conjurer on Apr 22, 2023.
             Was a Believer of Vehumet.
             Killed by an exploding ball lightning (26 damage)
             ... in a bailey.
             The game lasted 00:10:52 (7930 turns).

jasper the Thaumaturge (Deep Elf Conjurer)          Turns: 7930, Time: 00:10:52

Health: -1/45      AC:  7    Str:  4    XL:     9   Next: 67%
Magic:  18/26      EV: 12    Int: 34    God:    Vehumet [**....]
Gold:   413        SH:  0    Dex: 15    Spells: 2/30 levels left

rFire   . . .      SeeInvis .    E - +7 war axe of Demonkind {freeze, Dex+2}
rCold   . . .      Faith    .    (no shield)
rNeg    . . .      Spirit   .    I - +0 steam dragon scales
rPois   .          Reflect  .    i - +0 helmet
rElec   .          Rampage  .    B - +0 cloak
rCorr   .                        (no gloves)
Will    .....                    (no boots)
Stlth   ++                       (no amulet)
HPRegen 0.27/turn                h - +6 ring of intelligence
MPRegen 0.20/turn                q - ring of wizardry

@: no status effects
A: no striking features
a: Renounce Religion


You were in a bailey.
You worshipped Vehumet.
Vehumet was pleased with you.
You visited 2 branches of the dungeon, and saw 9 of its levels.
You also visited: Bailey.

You collected 413 gold pieces.

Inventory:

Hand Weapons
 A - a +2 quarterstaff of chaos
 E - the +7 war axe of Demonkind (weapon) {freeze, Dex+2}
   (You found it on level 6 of the Dungeon)

   Dex:       It affects your dexterity (+2).
Missiles
 g - 19 poisoned darts
 j - 6 curare-tipped darts
Armour
 a - a +0 robe
 i - a +0 helmet (worn)
 o - a +2 robe of positive energy
 B - a +0 cloak (worn)
 I - +0 steam dragon scales (worn)
Magical Staves
 f - a staff of earth
Jewellery
 h - a +6 ring of intelligence (left hand)
 q - a ring of wizardry (right hand)
 t - a ring of see invisible
 J - a ring of magical power
Wands
 x - a wand of charming (11)
 C - a wand of quicksilver (12)
Scrolls
 b - 3 scrolls of teleportation
 e - 5 scrolls of identify
 n - a scroll of fog
 r - a scroll of enchant weapon
 w - a scroll of brand weapon {unknown}
 y - a scroll of fear
 F - 2 scrolls of vulnerability {unknown}
 G - a scroll of poison
 L - a scroll of butterflies {unknown}
Potions
 c - a potion of attraction {unknown}
 d - 3 potions of might
 k - 2 potions of degeneration
 l - a potion of resistance
 m - 3 potions of heal wounds {unknown}
 p - 3 potions of curing {unknown}
 s - 3 potions of flight {unknown}
 u - a potion of cancellation {unknown}
 v - 2 potions of lignification {unknown}
 z - a potion of berserk rage {unknown}
 D - a potion of magic
 H - a potion of mutation {unknown}
 K - 2 potions of brilliance {unknown}


   Skills:
 - Level 2.4 Dodging
 - Level 2.4 Stealth
 - Level 11.1 Spellcasting
 + Level 10.6 Conjurations
 - Level 2.1 Hexes
 - Level 0.3 Translocations
 - Level 6.1 Air Magic


You had 2 spell levels left.
You knew the following spells:

 Your Spells              Type           Power      Damage    Failure   Level
a - Magic Dart            Conj           100%       1d8       1%          1
b - Searing Ray           Conj           100%       2d8       1%          2
c - Swiftness             Air            57%        N/A       1%          3
d - Fulminant Prism       Conj/Hex       29%        3d14      1%          4
e - Iskenderun's Mystic   Conj/Tloc      54%        2d12      1%          4
f - Conjure Ball Lightni  Conj/Air       33%        3x3d11    4%          6
g - Apportation           Tloc           42%        N/A       1%          1
h - Orb of Destruction    Conj           37%        9d11      11%         7

Your spell library contained the following spells:

 Spells                   Type           Power      Damage    Failure   Level
 Static Discharge         Conj/Air       100%       2-7/arc   1%          2
 Shock                    Conj/Air       100%       1d9       1%          1
 Scorch                   Fire           36%        2d6       1%          2
 Dazzling Flash           Conj/Hex       100%       N/A       1%          3
 Inner Flame              Hex/Fire       26%        N/A       1%          3
 Summon Guardian Golem    Hex/Summ       26%        N/A       1%          3
 Airstrike                Air            28%        2d(5-21)  1%          4
 Flame Wave               Conj/Fire      53%        2d13      1%          4
 Sticky Flame             Conj/Fire      53%        2d7       1%          4
 Volatile Blastmotes      Fire/Tloc      38%        2d13      2%          3
 Starburst                Conj/Fire      26%        6d8       16%         6
 Alistair's Intoxication  Tmut/Pois      12%        N/A       26%         5
 Spellforged Servitor     Conj/Summ      26%        N/A       63%         7
 Summon Cactus Giant      Summ           9%         N/A       78%         6
 Discord                  Hex            16%        N/A       100%        8
 Disjunction              Tloc           10%        N/A       100%        8


Dungeon Overview and Level Annotations

Branches:
Dungeon (8/15)             Temple (1/1) D:5          Bailey (1/1)
   Lair: D:8-11

Altars:
Ashenzari
Cheibriados
Dithmenos
Elyvilon
Fedhas
Gozag
Hepliaklqana
Kikubaaqudgha
Makhleb
Nemelex Xobeh
Okawaru
Qazlal
Ru
Sif Muna
Trog
Uskayaw
Vehumet
Wu Jian
Xom
The Shining One

Shops:
D:6 *   D:7 [


Message History

Your fulminant prism crackles loudly.
Your fulminant prism explodes!
The blast of energy engulfs the electric eel!!
You kill the electric eel!
Vehumet accepts your kill.
You feel your power returning.
You hear a splash.
Vehumet accepts your kill.
You hear a splash.
You feel a bit more experienced.
You hear a shout! x4
Casting: Fulminant Prism (dangerous; 1% risk of failure)
Confirm with . or Enter, or press ? or * to list all spells.
You can't see any susceptible monsters within range! (Use Z to cast anyway.)
Something unseen opens the gate.
You start resting.
An orc warrior comes into view. It is wielding a +0 hand axe.
A goblin comes into view. It is wielding a +0 war axe.
Casting: Fulminant Prism (dangerous; 1% risk of failure)
Confirm with . or Enter, or press ? or * to list all spells.
The spell is quite dangerous to miscast (4% risk of failure)!
Continue anyway?
You create some ball lightning! 3 ball lightnings come into view.
An electric eel comes into view.
You now have 18/26 mp.
Your ball lightning explodes!
The blast of lightning engulfs your ball lightning.
Your ball lightning completely resists.
The blast of lightning engulfs the orc warrior!!
The orc warrior is severely wounded.
The blast of lightning engulfs your ball lightning.
Your ball lightning completely resists.
Your ball lightning explodes!
The blast of lightning engulfs your ball lightning.
Your ball lightning completely resists.
The blast of lightning engulfs the orc warrior!
You kill the orc warrior!
Vehumet accepts your kill. The blast of lightning engulfs you!!
Ouch! That really hurt!
You die...

#####'''#####
#....g......#
#####~~~~...~~~~######
≈≈≈≈≈≈≈≈≈...≈≈≈≈≈≈≈≈≈≈
≈≈≈≈≈≈≈≈≈)..≈≈≈≈≈≈≈≈≈≈
≈≈S≈≈≈≈≈≈...≈≈≈≈≈≈≈≈≈≈
≈≈≈≈≈≈≈≈≈*..≈≈≈≈≈≈≈≈≈≈
≈≈≈≈≈≈.§..§....≈≈≈≈≈≈≈
#######..@....########
#.......# #.......#
#...∩...# #.......#
###...### #.∩.# #####


You could see an electric eel, a goblin and a friendly ball lightning.

Vanquished Creatures
  A two-headed ogre (D:7)
  Maggie (D:7)
  Sigmund (D:2)
  A steam dragon (D:7)
  A water moccasin (D:6)
  2 orc warriors
  3 sky beasts
  2 black bears
  An ogre (D:5)
  A phantom (D:7)
  3 scorpions (D:5)
  4 wights (D:7)
  2 electric eels (Bailey)
  5 hounds
  A jelly (D:7)
  An orc priest (D:7)
  A sleepcap (D:5)
  Crazy Yiuf (D:2)
  4 iguanas
  8 orc wizards
  3 gnolls (D:6)
  10 adders
  2 shadow imps
  A white imp (D:5)
  An ufetubus (D:4)
  A worm (D:2)
  A dart slug (D:2)
  16 orcs
  3 bats
  9 endoplasms
  2 giant cockroaches
  10 goblins
  12 hobgoblins
  4 jackals (D:1)
  8 kobolds
  6 quokkas
  9 ball pythons
  A frilled lizard (D:1)
  4 rats
147 creatures vanquished.

Vanquished Creatures (collateral kills)
  A ball lightning (D:8)
1 creature vanquished.

Vanquished Creatures (others)
  4 ball lightnings
  4 fulminant prisms
8 creatures vanquished.

Grand Total: 156 creatures vanquished

Notes
Turn   | Place    | Note
-------+----------+-------------------------------------------
     0 | D:1      | jasper the Deep Elf Conjurer began the quest for the Orb.
     0 | D:1      | Reached XP level 1. HP: 10/10 MP: 6/6
   188 | D:1      | Reached XP level 2. HP: 15/15 MP: 3/8
   234 | D:1      | Learned a level 2 spell: Searing Ray
   654 | D:1      | Reached skill level 4 in Spellcasting
   769 | D:1      | Reached skill level 5 in Conjurations
   769 | D:1      | Reached XP level 3. HP: 19/19 MP: 6/10
   773 | D:1      | Learned a level 3 spell: Swiftness
   882 | D:2      | Noticed Sigmund
  1305 | D:2      | Found a runed translucent door.
  1306 | D:2      | Noticed Crazy Yiuf
  1557 | D:3      | Reached XP level 4. HP: 24/24 MP: 6/12
  1562 | D:3      | Learned a level 4 spell: Fulminant Prism
  1728 | D:3      | Found a snail-covered altar of Cheibriados.
  2018 | D:4      | Noticed a black bear
  2026 | D:4      | Killed a black bear
  2027 | D:4      | Reached skill level 5 in Spellcasting
  2027 | D:4      | Reached XP level 5. HP: 10/28 MP: 3/14
  2032 | D:4      | Learned a level 4 spell: Iskenderun's Mystic Blast
  3089 | D:5      | Entered Level 5 of the Dungeon
  3112 | D:5      | Found a staircase to the Ecumenical Temple.
  3120 | Temple   | Entered the Ecumenical Temple
  3185 | Temple   | Became a worshipper of Vehumet
  3209 | D:5      | Reached skill level 6 in Spellcasting
  3222 | D:5      | Reached XP level 6. HP: 32/32 MP: 3/17
  3809 | D:5      | Reached skill level 7 in Spellcasting
  3871 | D:5      | Found a bloodstained altar of Trog.
  3938 | D:5      | Reached XP level 7. HP: 36/36 MP: 12/19
  3945 | D:5      | Learned a level 6 spell: Conjure Ball Lightning
  4040 | D:5      | Reached skill level 1 in Air Magic
  4232 | D:5      | Learned a level 1 spell: Apportation
  4602 | D:5      | Reached skill level 8 in Spellcasting
  4633 | D:5      | Found a shimmering altar of Xom.
  4848 | D:2      | Killed Sigmund
  4855 | D:2      | Reached * piety under Vehumet
  4855 | D:2      | Offered knowledge of Freeze by Vehumet.
  5068 | D:2      | Reached XP level 8. HP: 41/41 MP: 18/22
  5316 | D:2      | Killed Crazy Yiuf
  5804 | D:6      | Found an opulent altar of Gozag.
  5815 | D:6      | Found Gozag's Platinum Reserve.
  5858 | D:6      | Reached skill level 9 in Spellcasting
  5902 | D:6      | Identified the +7 war axe of Demonkind {freeze, Dex+2}
  6084 | D:6      | Found an ornate altar of the Wu Jian Council.
  6610 | D:7      | Noticed Maggie
  6618 | D:7      | Killed Maggie
  6897 | D:7      | Reached skill level 10 in Spellcasting
  6898 | D:7      | Reached XP level 9. HP: 37/45 MP: 14/25
  7111 | D:7      | Reached skill level 5 in Air Magic
  7132 | D:7      | Found Cheibriados's Comfort Zone.
  7138 | D:7      | Found a snail-covered altar of Cheibriados.
  7432 | D:7      | Noticed a two-headed ogre
  7455 | D:7      | Killed a two-headed ogre
  7456 | D:7      | Reached skill level 11 in Spellcasting
  7456 | D:7      | Reached skill level 10 in Conjurations
  7464 | D:7      | Learned a level 7 spell: Orb of Destruction
  7711 | D:7      | Found a glowing golden altar of the Shining One.
  7839 | D:8      | Reached ** piety under Vehumet
  7839 | D:8      | Offered knowledge of Static Discharge by Vehumet.
  7844 | D:8      | Found a flagged portal.
  7854 | Bailey   | Entered a bailey
  7930 | Bailey   | Killed by an exploding ball lightning

Illustrated notes

Levels and vault maps discovered:
D:1:      erik_arrival_blinker_ship, layout_basic
D:2:      layout_basic, uniq_sigmund, uniq_crazy_yiuf_cottage
D:3:      layout_rooms, lemuel_doored_altar
D:4:      layout_loops_ring, minmay_starry_boxes
D:5:      layout_loops_corners, lemuel_coloured_pillars_altar,
          lemuel_crystal_altar, minmay_temple_entry_wispy, kennysheep_diamond
D:6:      layout_basic, nicolae_gozag_zags_fifth_avenue, lemuel_tele_altar
D:7:      layout_gridville, kennysheep_mini, minmay_shop_chei, uniq_maggie
D:8:      layout_cave_pools, nicolae_overflow_hidden_temple, serial_park,
          serial_park_tiny_pond, serial_park_tiny_pond, serial_park_square1
          [serial_park_minivault_5x5_3], serial_park_tiny_1, enter_bailey_3,
          kennysheep_another_room
Temple:   eino_temple_water
Bailey:   bailey_axe_of_yendor_kennysheep, bailey

Skill      XL: |  1  2  3  4  5  6  7  8  9 |
---------------+----------------------------+-----
Spellcasting   | 4 5 6 7 8 10 11 | 11.1
Conjurations   | 5 6 7 8 9 10 | 10.6
Hexes          | 2 |  2.1
Air Magic      | 2 4 6 |  6.1
Dodging        | |  2.4
Stealth        | |  2.4
Translocations | |  0.3

Action                     |  1- 3 |  4- 6 |  7- 9 || total
---------------------------+-------+-------+-------++-------
  Melee: Staff             |     2 |     2 |       ||     4
         War axe           |       |       |    22 ||    22
         Quarterstaff      |       |       |     7 ||     7
         Punch             |       |       |     1 ||     1
   Cast: Magic Dart        |    54 |    55 |   101 ||   210
         Searing Ray       |     6 |    12 |    25 ||    43
         Iskenderun's Myst |       |     5 |     7 ||    12
         Fulminant Prism   |       |       |     4 ||     4
         Swiftness         |       |       |     2 ||     2
         Conjure Ball Ligh |       |       |     2 ||     2
  Evoke: Wand              |       |       |     2 ||     2
    Use: Scroll            |       |    11 |       ||    11
         Potion            |       |     1 |       ||     1
 Armour: Robe              |     2 |     8 |    14 ||    24
         Steam dragon scal |       |       |     6 ||     6
  Dodge: Dodged            |     4 |    24 |    26 ||    54

Table legend: (Time is in decaauts)
 A = Elapsed time spent in this place.
 B = Non-inter-level travel time spent in this place.
 C = Inter-level travel time spent in this place.
 D = Time resting spent in this place.
 E = Time spent auto-exploring this place.
 F = Levels seen in this place.
 G = Mean time per level.
                   A        B        C        D        E       F      G
               +--------+--------+--------+--------+--------+-----+--------+
         Total |   7939 |   7437 |    502 |    341 |   6184 |  10 |  793.9 |
       Dungeon |   7780 |   7294 |    486 |    341 |   6071 |   8 |  972.5 |
        Temple |     82 |     66 |     16 |      0 |     49 |   1 |   82.0 |
        Bailey |     75 |     75 |      0 |      0 |     64 |   1 |   75.0 |
               +--------+--------+--------+--------+--------+-----+--------+

Top non-repeatable levels by time:
     D:5: 1570 daAuts
     D:7: 1338 daAuts
     D:2: 1165 daAuts
     D:4: 1149 daAuts
     D:6: 1038 daAuts
     D:1: 967 daAuts
     D:3: 526 daAuts
  Temple: 82 daAuts
  Bailey: 75 daAuts
     D:8: 23 daAuts
